 Dungeon Crawl Stone Soup version 0.31-a0-431-g88bdf31460 (webtiles) character file.

Game seed: 13517032920580829250

209 CraigForest the Ruffian (level 5, -3/40 HPs)
             Began as a Draconian Shapeshifter on July 31, 2023.
             Slain by Grinder (8 damage)
             ... while paralysed by Grinder
             ... on level 3 of the Dungeon.
             The game lasted 00:11:39 (2026 turns).

CraigForest the Ruffian (Draconian Shapeshifter)    Turns: 2026, Time: 00:11:39

Health: -3/40      AC:  5    Str: 19    XL:     5   Next: 55%
Magic:  5/5        EV:  2    Int:  8    God:
Gold:   211        SH:  0    Dex: 12    Spells: 4/4 levels left

rFire   . .          .
                       - Unarmed
rCold   . . .        d - +0 kite shield
rNeg    . . .        (body armour unavailable)
rPois   .            (helmet currently unavailable)
rElec   .            (cloak currently unavailable)
rCorr   .            (gloves currently unavailable)
SInv    .            (boots currently unavailable)
Will    .....        (no amulet)
Stlth   +            (no ring)
HPRegen 0.26/turn    (no ring)
MPRegen 0.09/turn

%: no passive effects
@: paralysed, beast-form
A: beast (slay +2), AC +5, unfitting armour, cold-blooded
a: Begin Untransformation


You were on level 3 of the Dungeon.
You were a hulking beast.
You visited 1 branch of the dungeon, and saw 3 of its levels.

You collected 211 gold pieces.

Inventory:

Missiles
 i - 4 atropa-tipped darts
 k - 3 boomerangs
 m - 3 javelins
Armour
 d - a +0 kite shield (worn)
Talismans
 b - a beast talisman (active)
Wands
 l - a wand of iceblast (12) (quivered)
Scrolls
 c - 3 scrolls of teleportation {unknown}
 f - a scroll of enchant armour {unknown}
 g - a scroll of acquirement {unknown}
 h - 2 scrolls of immolation {unknown}
 o - a scroll of noise {unknown}
 p - a scroll of identify {unknown}
Potions
 a - a potion of lignification
 e - a potion of resistance {unknown}
 j - a potion of ambrosia {unknown}
 n - a potion of heal wounds {unknown}
 q - a potion of curing {unknown}


   Skills:
 + Level 1.1 Fighting
 + Level 0.2 Throwing
 * Level 2.4 Dodging
 + Level 0.5 Stealth
 + Level 0.9 Shields
 * Level 4.8 Unarmed Combat
 * Level 3.9 Shapeshifting


You had 4 spell levels left.
You didn't know any spells.
Your spell library contained the following spells:

 Spells                   Type           Power      Damage    Failure   Level
 Sandblast                Erth           0%         2d4       77%         1
 Passwall                 Tmut/Erth      0%         N/A       88%         2
 Stone Arrow              Conj/Erth      0%         3d7       98%         3


Dungeon Overview and Level Annotations

Branches:
Dungeon (3/15)

Altars:
Kikubaaqudgha
Wu Jian

Annotations:
D:3 Grinder


Innate Abilities, Weirdness & Mutations

You are a hulking beast.
Your limbs bulge with bestial killing power. (Slay +2)
Your plain brown scales are hard. (AC +5)
You cannot fit into any form of body armour.
You are cold-blooded and may be slowed by cold attacks.


Message History

You kill the goblin!
No target in view!
No target in view!
You now have 188 gold pieces (gained 12).
Found an ornate altar of the Wu Jian Council.
h - 2 scrolls labelled PEIT VANACRIC (gained 1)
You now have 198 gold pieces (gained 10).
q - an amethyst potion You now have 211 gold pieces (gained 13).
Found a dagger.
Found a club.
You open the door.
Grinder comes into view.
She is carrying a wand of flame.
Grinder shouts!
You closely miss Grinder.
Grinder grins, showing sharp teeth.
Grinder hits you but does no damage.
You barely miss Grinder. Grinder hits you.
You hit Grinder.
Grinder is lightly wounded.
You block Grinder's attack.
You punch Grinder!
Your tail-slap misses Grinder.
Grinder is moderately wounded.
Grinder zaps a wand.
The puff of flame hits you!
You punch Grinder!
Grinder is heavily wounded.
Grinder gestures at you. You resist with significant effort.
You hit Grinder.
Grinder is severely wounded.
Grinder gestures at you.
You suddenly lose the ability to move!
Grinder hits you.
You writhe in agony.
Grinder hits you!
You writhe in agony.
Grinder hits you.
* * * LOW HITPOINT WARNING * * *
You writhe in agony.
* * * LOW HITPOINT WARNING * * *
Grinder hits you!
You die...

########## #........#
####.######.#
#.......###+#########
#.............##>....
#...h.........##..#..
####5###......##..#..
#.###......##...).
###.#........####...
#...#.#......#......
#...#........#.###..
##...#.....#### ##.
#..........# # #.
#..........# #.####.


You could see Grinder.

Vanquished Creatures
  An orc priest (D:3)
  Ijyb (D:2)
  Natasha (twice) (D:3)
  A worm (D:2)
  2 dart slugs
  10 orcs (D:3)
  5 ball pythons
  2 endoplasms
  5 giant cockroaches
  12 goblins
  6 hobgoblins
  7 jackals
  A quokka (D:1)
  6 bats
  4 frilled lizards
  7 kobolds
  6 rats
78 creatures vanquished.

Notes
Turn   | Place    | Note
-------+----------+-------------------------------------------
     0 | D:1      | CraigForest the Draconian Shapeshifter began the quest for
                  | the Orb.
     0 | D:1      | Reached XP level 1. HP: 16/16 MP: 1/1
    35 | D:1      | Reached XP level 2. HP: 14/23 MP: 2/2
   351 | D:1      | Found a faded altar of an unknown god.
   497 | D:1      | Reached XP level 3. HP: 28/28 MP: 3/3
  1096 | D:2      | Noticed Ijyb
  1120 | D:2      | Killed Ijyb
  1121 | D:2      | Reached XP level 4. HP: 31/35 MP: 4/4
  1381 | D:3      | Reached skill level 4 in Unarmed Combat
  1400 | D:3      | Found an ancient bone altar of Kikubaaqudgha.
  1561 | D:3      | Reached XP level 5. HP: 31/40 MP: 5/5
  1575 | D:3      | Noticed Natasha
  1585 | D:3      | Killed Natasha
  1680 | D:3      | Noticed Natasha
  1696 | D:3      | Killed Natasha
  1847 | D:3      | Found an ornate altar of the Wu Jian Council.
  2016 | D:3      | Noticed Grinder
  2022 | D:3      | Paralysed by Grinder for 5 turns
  2026 | D:3      | Slain by Grinder

Illustrated notes

Levels and vault maps discovered:
D:1:      roderic_chinese_lattice_arrival, layout_basic,
          dreamdust_ecumenical_altar_angels_and_demons
D:2:      kennysheep_the_goblin_king, layout_basic
D:3:      layout_basic, marbit_many_paths, kiku_gazebo_pond_becter,
          grunt_decor_mini_mirrors, uniq_natasha, uniq_grinder

Skill      XL: |  1  2  3  4 |
---------------+-------------+-----
Dodging        | 2 |  2.4
Unarmed Combat | 4 |  4.8
Fighting       | |  1.1
Throwing       | |  0.2
Stealth        | |  0.5
Shields        | |  0.9
Shapeshifting  | |  3.9

Action                     |  1- 3 |  4- 6 || total
---------------------------+-------+-------++-------
  Melee: Unarmed           |   129 |    61 ||   190
         Tailslap          |    14 |     8 ||    22
  Throw: Boomerang         |     3 |     1 ||     4
         Javelin           |       |    11 ||    11
  Evoke: Wand              |       |     1 ||     1
   Stab: Sleeping          |     1 |       ||     1
 Armour: Skin              |    41 |    16 ||    57
  Dodge: Dodged            |    73 |    28 ||   101
  Block: Kite shield       |    29 |    22 ||    51

Table legend: (Time is in decaauts)
 A = Elapsed time spent in this place.
 B = Non-inter-level travel time spent in this place.
 C = Inter-level travel time spent in this place.
 D = Time resting spent in this place.
 E = Time spent auto-exploring this place.
 F = Levels seen in this place.
 G = Mean time per level.
                   A        B        C        D        E       F      G
               +--------+--------+--------+--------+--------+-----+--------+
         Total |   2050 |   1804 |    246 |      0 |   1322 |   3 |  683.3 |
       Dungeon |   2050 |   1804 |    246 |      0 |   1322 |   3 |  683.3 |
               +--------+--------+--------+--------+--------+-----+--------+

Top non-repeatable levels by time:
     D:1: 754 daAuts
     D:3: 680 daAuts
     D:2: 615 daAuts
